 Dungeon Crawl Stone Soup version 0.26.0-11-g8f856b5395 (webtiles) character file.

Game seed: 2022577294699157622

254 Descartes the Magician (level 5, -2/42 HPs)
             Began as a Deep Elf Air Elementalist on Jan 15, 2021.
             Slain by Edmund
             ... wielding a +3 flail of protection
              (8 damage)
             ... on level 4 of the Dungeon.
             The game lasted 00:12:31 (3757 turns).

Descartes the Magician (Deep Elf Air Elementalist)  Turns: 3757, Time: 00:12:31

Health: -2/42      AC:  2    Str:  2 (5)  XL:     5   Next: 90%
Magic:  1/14       EV: 13    Int: 20 (21) God:
Gold:   252        SH:  0    Dex: 14 (15) Spells: 12/13 levels left

rFire    . . .     SeeInvis .   m - +0 dagger (speed)
rCold    . . .     Faith    .   (no shield)
rNeg     . . .     Spirit   .   a - +0 robe
rPois    .         Reflect  .   (no helmet)
rElec    .         Harm     .   (no cloak)
rCorr    .         Rampage  .   (no gloves)
Will     .....                  (no boots)
Stlth    ..........             (no amulet)
HPRegen  0.14/turn              (no ring)
MPRegen  0.14/turn              (no ring)

@: berserking, very quick
A: no striking features
a: no special abilities


You were on level 4 of the Dungeon.
You visited 1 branch of the dungeon, and saw 4 of its levels.

You collected 252 gold pieces.

Inventory:

Hand Weapons
 m - a +0 dagger of speed (weapon)
Missiles
 b - 34 arrows
 g - 56 stones
 l - 6 atropa-tipped darts
Armour
 a - a +0 robe (worn)
 r - a cursed +0 scale mail
Jewellery
 s - an uncursed ring of positive energy {unknown}
Scrolls
 d - 3 scrolls of remove curse {unknown}
 e - 3 scrolls of fear {unknown}
 f - 2 scrolls of noise {unknown}
 h - a scroll of blinking {unknown}
 k - 2 scrolls of identify {unknown}
 n - 2 scrolls of teleportation {unknown}
 p - a scroll of immolation {unknown}
 q - 2 scrolls of amnesia
 u - 2 scrolls of enchant armour {unknown}
 x - a scroll of random uselessness {unknown}
Potions
 t - a potion of attraction


   Skills:
 - Level 2.4 Dodging
 + Level 4.5 Stealth
 + Level 4.8 Spellcasting
 + Level 3.3 Conjurations
 + Level 4.2 Air Magic


You had 12 spell levels left.
You knew the following spells:

 Your Spells              Type           Power        Failure   Level
a - Shock                 Conj/Air       76%          2%          1

Your spell library contained the following spells:

 Spells                   Type           Power        Failure   Level
 Swiftness                Air            21%          3%          2
 Static Discharge         Conj/Air       19%          8%          3
 Airstrike                Air            10%          21%         4
 Lightning Bolt           Conj/Air       9%           56%         5


Dungeon Overview and Level Annotations

Branches:
Dungeon (4/15)
 Temple: D:4-7

Altars:

Annotations:
D:4 Edmund


Message History

Edmund hits you with a +3 flail of protection.
* * * LOW HITPOINT WARNING * * *
You feel better.
Casting: Shock (safe; 2% risk of failure)
Confirm with . or Enter, or press ? or * to list all spells.
You don't have enough magic to cast that spell.
It was a potion of degeneration.
There was something very wrong with that liquid.
You feel weakened.
You feel dopey.
You feel clumsy.
Edmund hits you with a +3 flail of protection!
* * * LOW HITPOINT WARNING * * *
It was a potion of berserk rage.
A red film seems to cover your vision as you go berserk!
You feel yourself moving faster!
You feel mighty!
Edmund hits you with a +3 flail of protection.
* * * LOW HITPOINT WARNING * * *
You hit Edmund but do no damage.
Edmund is almost dead.
Edmund hits you with a +3 flail of protection!
You die...

#.#
#......#.##.########
#.# #.##....#.# #.#
#.........# #.#
####....### #.# #.#.##
#.# #..#.######## #.#
#.###........
#.#########.#.########
#......@@....##
##############


You could see Edmund.

Vanquished Creatures
  An orc priest (D:3)
  Terence (D:2)
  An iguana (D:4)
  2 worker ants (D:4)
  A howler monkey skeleton (D:4)
  3 adders
  An ooze (D:2)
  2 worms (D:2)
  3 dart slugs
  A leopard gecko (D:4)
  7 orcs
  4 giant cockroaches
  5 hobgoblins
  7 jackals
  4 quokkas
  A ball python (D:2)
  2 bats
  A frilled lizard (D:1)
  5 goblins
  9 kobolds
  8 rats
69 creatures vanquished.

Notes
Turn   | Place    | Note
-------+----------+-------------------------------------------
     0 | D:1      | Descartes the Deep Elf Air Elementalist began the quest for
                  | the Orb.
     0 | D:1      | Reached XP level 1. HP: 10/10 MP: 6/6
   366 | D:1      | Reached XP level 2. HP: 8/15 MP: 1/8
  1128 | D:2      | Reached XP level 3. HP: 19/19 MP: 6/10
  1314 | D:2      | Noticed Terence
  1386 | D:2      | Killed Terence
  1387 | D:2      | Reached XP level 4. HP: 24/24 MP: 5/11
  1860 | D:3      | You fall into a shaft and drop 1 floor!
  2075 | D:3      | Reached XP level 5. HP: 14/28 MP: 6/13
  2555 | D:3      | Found a faded altar of an unknown god.
  3684 | D:4      | Noticed Edmund
  3708 | D:4      | HP: 1/28 [Edmund/+3 flail of protection (3)]
  3757 | D:4      | Slain by Edmund

Illustrated notes

Levels and vault maps discovered:
D:1:      grunt_arrival_lava_bath, layout_loops_cross, corexii_hall_statues_l
D:2:      layout_basic, uniq_terence
D:3:      layout_loops_corners, chequers_ecumenical_altar_simple_redux,
          hangedman_decor_growths
D:4:      layout_loops_ring, uniq_grinder, uniq_edmund

Skill      XL: |  1  2  3  4  5 |
---------------+----------------+-----
Stealth        | 3 4 |  4.5
Conjurations   | 2 3 |  3.3
Spellcasting   | 4 |  4.8
Air Magic      | 4 |  4.2
Dodging        | |  2.4

Action                   |  1- 3 |  4- 6 || total
-------------------------+-------+-------++-------
Melee: Dagger            |       |    17 ||    17
 Cast: Shock             |    66 |   124 ||   190
  Use: Potion            |       |     8 ||     8
       Scroll            |       |     1 ||     1
Armor: Robe              |     2 |     1 ||     3
       Skin              |       |    16 ||    16
Dodge: Dodged            |     5 |    17 ||    22
